 Dungeon Crawl Stone Soup version 0.15.0-12-gccce430 (webtiles) character file.

5154 Johnny the Nimble (level 10, -4/114 (118) HPs)
             Began as a Human Berserker on Sept 2, 2014.
             Was an Elder of Trog.
             Slain by Erolcha
             ... wielding a +4 giant spiked club
              (25 damage)
             ... on Level 8 of the Dungeon.
             The game lasted 00:27:48 (9576 turns).

Johnny the Nimble (Human Berserker)                 Turns: 9576, Time: 00:27:49

HP  -4/114 (118) AC 11     Str 23      XL: 10   Next: 89%
MP  10/10        EV  8     Int  8      God: Trog [****..]
Gold 492         SH  5     Dex 15      Spells:  0 memorised,  9 levels left

rFire  + . .     SeeInvis .     t - +0 war axe
rCold  x . .     Clarity  .     J - -2 chain mail (curse)
rNeg   . . .     rCorr    .     x - +0 buckler
rPois  .         rRot     .     F - +0 helmet
rElec  .         Spirit   .     (no cloak)
SustAb .         Warding  .     G - +0 pair of gloves
rMut   .         Stasis   .     (no boots)
Gourm  .                        (no amulet)
MR     ++...                    p - ring of fire
                                k - ring of teleport control

@: berserking (expiring), lethally poisoned, regenerating, very quick, very
resistant to hostile enchantments, extremely unstealthy
A: no striking features
a: Burn Spellbooks, Berserk, Trog's Hand, Brothers in Arms, Renounce Religion,
Evoke Teleport Control


You were on level 8 of the Dungeon.
You worshipped Trog.
Trog was greatly pleased with you.
You were not hungry.

You visited 1 branch of the dungeon, and saw 8 of its levels.

You collected 492 gold pieces.

Inventory:

Hand weapons
 q - a +2 whip of venom
 t - a +0 war axe (weapon)
 H - a +1 cutlass of speed
Missiles
 o - 2 steel javelins (quivered)
 r - 2 tomahawks
Armour
 a - a +0 scale mail
 d - a +2 pair of gloves
 m - a +0 helmet
 x - a +0 buckler (worn)
 F - a +0 helmet (worn)
 G - a +0 pair of gloves (worn)
 J - a cursed -2 chain mail (worn)
Magical devices
 z - a wand of random effects (8) {unknown}
 C - a wand of slowing (6) {unknown}
 D - a wand of confusion (12) {unknown}
 I - a wand of magic darts (9)
Comestibles
 c - 5 bread rations
 h - a meat ration
 u - a beef jerky
 v - 2 fruits
Scrolls
 e - 3 scrolls of teleportation
 l - 2 scrolls of fog
 n - 2 scrolls of recharging
 y - a scroll of amnesia
Jewellery
 g - the amulet of Xeaciol {Inacc Contam rF+, unknown}
   (You found it on level 8 of the Dungeon)

   [amulet of inaccuracy]

   It reduces the accuracy of all your attacks.
   It protects you from fire.
   It causes magical contamination when unequipped.
 k - a ring of teleport control (left hand)
 p - a ring of fire (right hand)
Potions
 b - a potion of flight
 f - 6 potions of curing
 i - 2 potions of brilliance
 j - 2 potions of magic
 s - a potion of degeneration
 w - a potion of might {unknown}
 A - a potion of poison {unknown}
 B - a potion of restore abilities {unknown}
 E - a potion of haste {unknown}


   Skills:
 + Level 7.1 Fighting
 + Level 5.7(6.7) Axes
 + Level 5.1(6.3) Maces & Flails
 + Level 0.2 Throwing
 + Level 7.7 Armour
 + Level 8.0 Dodging
 + Level 4.0 Stealth
 + Level 3.1 Shields


You had 9 spell levels left.
You didn't know any spells.

Dungeon Overview and Level Annotations

Branches:
Dungeon (8/15)             Temple (0/1) D:7
   Lair: D:8-11

Altars:
Ashenzari
Elyvilon
Fedhas
Makhleb
Qazlal
Sif Muna
Vehumet
Yredelemnul
Zin
The Shining One

Shops:
D:5 [

Annotations:
D:8 Erolcha


Message History

You feel sick.
Erolcha hits you with a runed giant spiked club!!
You hit Erolcha.
Erolcha is heavily wounded.
You feel sick.
Erolcha hits you with a runed giant spiked club!
You slash Erolcha!
Erolcha is heavily wounded.
You slash Erolcha!
Erolcha is severely wounded.
You feel sick.
Erolcha hits you with a runed giant spiked club!!
* * * LOW HITPOINT WARNING * * *
You slash Erolcha!
Erolcha is almost dead.
You hit Erolcha but do no damage.
Erolcha is almost dead.
You feel sick.
Erolcha hits you with a runed giant spiked club!!
You die...

#..# ♣♣.♣ ♣.♣ ##.#
♣.♣♣ ♣.♣ #.# ♣♣.♣♣ ♣.♣
#.## ♣..♣ ♣.♣ #..#
♣..♣ ♣♣.♣ ##.## ♣..♣
♣♣.♣♣ #..# ♣..♣ ♣.♣♣ #
##.###(.########.#####
#..O@................
##############.######
#....... ########


You could see Erolcha.

Vanquished Creatures
  A two-headed ogre (D:8)
  A spriggan (D:7)
  Grum (D:8)
  3 water moccasins
  4 wolves (D:8)
  4 orc warriors (D:8)
  A necrophage (D:8)
  4 ogres
  3 phantoms
  A sky beast (D:8)
  An ice beast (D:5)
  4 centaurs
  3 giant frogs
  A cyclops skeleton (D:8)
  4 scorpions
  5 killer bees (D:7)
  A troll skeleton (D:8)
  4 wights (D:8)
  A goliath beetle (D:8)
  5 crimson imps
  A quasit (D:6)
  A yellow wasp zombie (D:8)
  2 hounds
  7 orc priests
  3 iguanas
  A jelly (D:8)
  8 worker ants
  11 orc wizards
  A giant frog skeleton (D:7)
  A gnoll shaman (D:5)
  Jessica (D:2)
  An ogre zombie (D:7)
  A sky beast zombie (D:5)
  A worker ant zombie (D:8)
  6 gnolls
  2 shadow imps
  11 adders
  A giant mite (D:4)
  3 worms
  2 orc skeletons (D:7)
  3 giant geckos
  2 oozes
  29 orcs
  15 bats
  A giant cockroach (D:6)
  14 hobgoblins
  11 kobolds
  A quokka (D:2)
  5 giant newts
  A giant spore (D:7)
  3 goblins
  11 jackals
  A kobold skeleton (D:5)
  A quokka zombie (D:6)
  9 rats
224 creatures vanquished.

Vanquished Creatures (others)
  An orc (D:8)
  A bat (D:8)
  3 giant spores (D:8)
  A rat (D:8)
  2 ballistomycetes (D:8)
8 creatures vanquished.

Grand Total: 232 creatures vanquished

Notes
Turn   | Place    | Note
--------------------------------------------------------------
     0 | D:1      | Johnny, the Human Berserker, began the quest for the Orb.
     0 | D:1      | Reached XP level 1. HP: 18/18 MP: 1/1
   180 | D:1      | Reached XP level 2. HP: 20/24 MP: 2/2
   846 | D:2      | Reached XP level 3. HP: 29/29 MP: 3/3
   939 | D:2      | Reached XP level 4. HP: 31/35 MP: 4/4
  1203 | D:2      | Acquired Trog's second power
  1243 | D:2      | Noticed Jessica
  1252 | D:2      | Killed Jessica
  1540 | D:2      | Reached XP level 5. HP: 42/42 MP: 5/5
  2144 | D:3      | Found a radiant altar of Vehumet.
  2192 | D:3      | Reached skill level 1 in Maces & Flails
  2268 | D:3      | Reached skill level 4 in Fighting
  2268 | D:3      | Reached skill level 1 in Stealth
  2431 | D:3      | Found a burning altar of Makhleb.
  2566 | D:3      | Reached XP level 6. HP: 46/48 MP: 6/6
  2825 | D:3      | Found a shattered altar of Ashenzari.
  2828 | D:3      | Noticed an ogre
  3012 | D:4      | Found a basalt altar of Yredelemnul.
  3222 | D:4      | Reached XP level 7. HP: 43/54 MP: 7/7
  3622 | D:5      | Entered Level 5 of the Dungeon
  3698 | D:5      | Killed an ogre
  3774 | D:5      | Reached XP level 8. HP: 49/61 MP: 8/8
  3848 | D:5      | Received a gift from Trog
  3955 | D:5      | Reached skill level 5 in Fighting
  4032 | D:5      | Found Yriuclir's Antique Armour Shop.
  4604 | D:5      | Reached skill level 5 in Armour
  4739 | D:5      | Reached skill level 5 in Dodging
  4931 | D:6      | Acquired Trog's third power
  5053 | D:6      | Found a white marble altar of Elyvilon.
  5156 | D:6      | Reached XP level 9. HP: 52/69 MP: 9/9
  5180 | D:6      | Reached skill level 1 in Shields
  5507 | D:6      | Found a glowing silver altar of Zin.
  5508 | D:6      | Noticed an angel
  5784 | D:7      | Reached skill level 6 in Dodging
  6034 | D:7      | Found a deep blue altar of Sif Muna.
  6120 | D:7      | Found a staircase to the Ecumenical Temple.
  6551 | D:7      | Reached skill level 5 in Maces & Flails
  6780 | D:7      | Found a blossoming altar of Fedhas.
  6781 | D:7      | Found a stormy altar of Qazlal.
  7030 | D:7      | Reached XP level 10. HP: 53/77 MP: 10/10
  7729 | D:8      | Found a glowing golden altar of the Shining One.
  7744 | D:8      | Reached skill level 7 in Dodging
  7837 | D:8      | Noticed Grum
  7857 | D:8      | Killed Grum
  8040 | D:8      | Reached skill level 5 in Axes
  8666 | D:8      | Got a smoking crystal amulet
  9188 | D:8      | Reached skill level 8 in Dodging
  9540 | D:8      | Noticed Erolcha
  9576 | D:8      | Slain by Erolcha

Action                   |  1- 3 |  4- 6 |  7- 9 | 10-12 || total
-------------------------+-------+-------+-------+-------++-------
Melee: Hand axe          |    49 |       |       |       ||    49
       Whip              |       |   153 |   505 |       ||   658
       War axe           |       |       |    80 |   252 ||   332
       Cutlass           |       |       |       |     3 ||     3
Throw: Javelin           |       |       |     2 |       ||     2
Invok: Berserk           |     1 |     1 |    10 |     9 ||    21
       Trog's Hand       |       |     2 |     7 |     7 ||    16
       Burn Spellbooks   |       |       |       |     1 ||     1
  Use: Scroll            |       |    14 |     5 |     4 ||    23
       Potion            |       |       |     4 |     3 ||     7
 Stab: Sleeping          |       |     1 |       |       ||     1
       Invisible         |       |       |     6 |    11 ||    17
  Eat: Chunk             |       |     3 |     1 |     1 ||     5
       Royal jelly       |       |     1 |     1 |       ||     2
       Bread ration      |       |     1 |     4 |     2 ||     7
       Beef jerky        |       |       |     2 |     1 ||     3
       Meat ration       |       |       |     1 |     1 ||     2
